 Dungeon Crawl Stone Soup version 0.31-a0-1611-g890cdf5628 (webtiles) character file.

Game seed: 16660272409711431781

59 LeprechaunX the Changeling (level 4, -1/29 HPs)
             Began as an Octopode Shapeshifter on Jan 8, 2024.
             Killed from afar by an orc wizard (10 damage)
             ... with a puff of flame
             ... on level 3 of the Dungeon.
             The game lasted 00:01:23 (1275 turns).

LeprechaunX the Changeling (Octopode Shapeshifter)  Turns: 1275, Time: 00:01:24

Health: -1/29      AC:  1    Str: 13    XL:     4   Next: 3%
Magic:  4/4        EV: 13    Int: 12    God:
Gold:   168        SH:  0    Dex: 13    Spells: 3/3 levels left

rFire   . .          .
                       - Unarmed
rCold   . . .        (no shield)
rNeg    . . .        (helmet currently unavailable)
rPois   .            (no amulet)
rElec   .            (no ring)
rCorr   .            (no ring)
SInv    .            (no ring)
Will    .....        (no ring)
Stlth   ++           (no ring)
HPRegen 0.24/turn    (no ring)
MPRegen 0.09/turn    (no ring)
                     (no ring)

%: no passive effects
@: beast-form
A: beast (slay +2), almost no armour, amphibious, 8 rings, camouflage 1,
gelatinous body 1, (nimble swimmer 1), tentacles
a: Begin Untransformation


You were on level 3 of the Dungeon.
You were a hulking beast.
You visited 1 branch of the dungeon, and saw 3 of its levels.

You collected 168 gold pieces.

Inventory:

Hand Weapons
 a - a +0 sling
Talismans
 b - a beast talisman
 c - a flux talisman
Scrolls
 d - a scroll of identify {unknown}
 e - 3 scrolls of enchant weapon {unknown}
 f - a scroll of amnesia {unknown}
 g - a scroll of fear {unknown}
 h - a scroll of teleportation {unknown}
 j - a scroll of enchant armour {unknown}
 m - 3 scrolls of blinking {unknown}
 n - a scroll of fog {unknown}
 o - a scroll of vulnerability {unknown}
Potions
 i - a potion of brilliance {unknown}
 k - a potion of curing {unknown}
 l - a potion of lignification


   Skills:
 + Level 2.0 Fighting
 - Level 2.0 Dodging
 + Level 3.4 Unarmed Combat
 * Level 3.8 Shapeshifting


You had 3 spell levels left.
You didn't know any spells.
Your spell library contained the following spells:

 Spells                   Type           Power      Damage    Failure   Level
 Freeze                   Ice            0%         1d3       32%         1
 Frozen Ramparts          Ice            0%         1d1       69%         3
 Hailstorm                Conj/Ice       0%         3d5       69%         3


Dungeon Overview and Level Annotations

Branches:
Dungeon (3/15)

Altars:

Shops:
D:2 *


Innate Abilities, Weirdness & Mutations

You are a hulking beast.
Your limbs bulge with bestial killing power. (Slay +2)
You cannot wear most types of armour.
You are amphibious.
You can wear up to eight rings at the same time.
Your skin changes colour to match your surroundings (Stealth+).
Your rubbery body absorbs attacks. (AC +1, EV +1)
((You are camouflaged when in or above water. (Stealth+)))
You have tentacles for arms and can constrict up to eight enemies at once.


Message History

You swing at nothing.
You barely miss the bat. You grab the bat. You constrict the bat.
The bat hits you.
The bat struggles to escape constriction.
The bat closely misses you.
You tentacle-slap the bat.
You kill the bat!
You have reached level 4!
You tentacle-slap the orc. You grab the orc.
The orc is almost dead.
You constrict the orc, but do no damage.
The orc hits you with a +0 dagger.
You tentacle-slap the orc. You squeeze the orc, but do no damage.
The orc is almost dead.
You constrict the orc.
You kill the orc!
Your Fighting skill increases to level 2!
You barely miss the orc. Your grab misses the orc.
The orc is moderately wounded.
You tentacle-slap something but do no damage.
You squeeze something.
You tentacle-slap something but do no damage.
Something hits you.
You closely miss something. Your squeeze misses something.
Something barely misses you.
You tentacle-slap something. Your squeeze misses something. Something hits you.
You closely miss something. Something hits you. Something hits you.
You closely miss something. You closely miss the orc. Your grab misses the orc.
The orc is moderately wounded.
You hear some strange, mumbled words.
A puff of flame appears from out of thin air!
The puff of flame hits you.
You tentacle-slap the orc.
You kill the orc!
You hear some strange, mumbled words.
A puff of flame appears from out of thin air!
The puff of flame hits you!
You die...

# #..###.## # #.#.#.### .#
#.......####### ####.# ###
#.....##.#.....# ##....##
..........##.#.....###......#
#..................##..o....#
.........###.......##?.{##..#
#####......#.......##.?.....#
##.........{h###...##...#
##.##.##.##o##.....#.(.#
#.......##)#..........#
####.##.............### #
#.##.#.^.....?#
......##...!.#.#
....#.#####.....?# ##.#...#
######## #######


You could see an orc.

Vanquished Creatures
  An adder (D:2)
  3 dart slugs
  2 ribbon worms (D:2)
  2 orcs (D:3)
  4 ball pythons
  2 endoplasms
  4 giant cockroaches
  A goblin (D:2)
  4 hobgoblins
  3 jackals (D:2)
  2 kobolds
  A quokka (D:1)
  3 bats
  5 frilled lizards
  3 rats
40 creatures vanquished.

Notes
Turn   | Place    | Note
-------+----------+-------------------------------------------
     0 | D:1      | LeprechaunX the Octopode Shapeshifter began the quest for
                  | the Orb.
     0 | D:1      | Reached XP level 1. HP: 13/13 MP: 1/1
   103 | D:1      | Reached XP level 2. HP: 17/18 MP: 2/2
   612 | D:2      | Reached XP level 3. HP: 19/23 MP: 3/3
  1025 | D:2      | Found Lacveffu's Assorted Antiques.
  1264 | D:3      | Reached XP level 4. HP: 21/29 MP: 4/4
  1275 | D:3      | Killed from afar by an orc wizard

Illustrated notes

Levels and vault maps discovered:
D:1:      dpeg_arrival_simpleton_a, layout_rooms
D:2:      layout_basic, serial_shops, shop
D:3:      layout_loops_cross, chequers_serial_rivers_room_b

Skill      XL: |  1  2  3  4 |
---------------+-------------+-----
Fighting       | 2 |  2.0
Dodging        | |  2.0
Unarmed Combat | |  3.4
Shapeshifting  | |  3.8

Action                     |  1- 3 |  4- 6 || total
---------------------------+-------+-------++-------
  Melee: Unarmed           |    77 |    11 ||    88
         Constrict         |    25 |     1 ||    26
         Tentacles         |     6 |     2 ||     8
         Punch             |     2 |       ||     2
   Stab: Sleeping          |     4 |       ||     4
 Armour: Skin              |    38 |     7 ||    45
  Dodge: Dodged            |    61 |     1 ||    62

Table legend: (Time is in decaauts)
 A = Elapsed time spent in this place.
 B = Non-inter-level travel time spent in this place.
 C = Inter-level travel time spent in this place.
 D = Time resting spent in this place.
 E = Time spent auto-exploring this place.
 F = Levels seen in this place.
 G = Mean time per level.
                   A        B        C        D        E       F      G
               +--------+--------+--------+--------+--------+-----+--------+
         Total |   1269 |   1232 |     37 |      0 |   1002 |   3 |  423.0 |
       Dungeon |   1269 |   1232 |     37 |      0 |   1002 |   3 |  423.0 |
               +--------+--------+--------+--------+--------+-----+--------+

Top non-repeatable levels by time:
     D:2: 624 daAuts
     D:1: 487 daAuts
     D:3: 158 daAuts
